Map: Ruins of Seras

Players

ShoWTimE - Winner!

  • Race: Protoss Protoss
  • League: Master

Guru

  • Race: Zerg Zerg
  • League: Diamond

Event: Homestory Cup XII

VOD

Have the link to the VOD?

Description

Time

  • Played on: Dec. 17, 2015, 8:08 a.m.
  • Length: 11:05

All games in this series

Show
View Real Time Build Order
Export as new Build Order

ShoWTimE Protoss - Winner!

Build Orders: Nexus First 

Get SALT Encoding   

  12  0:00  Probe (Chrono Boost)  
  13  0:11  Probe (Chrono Boost)  
  14  0:18  Pylon  
  14  0:22  Probe (Chrono Boost)  
  15  0:36  Probe (Chrono Boost)  
  16  0:46  Probe (Chrono Boost)  
  17  1:03  Nexus  
  17  1:13  Gateway  
  17  1:16  Probe (Chrono Boost)  
  18  1:21  Assimilator  
  18  1:27  Probe (Chrono Boost)  
  18  1:29  Assimilator  
  19  1:37  Probe (Chrono Boost)  
  20  1:48  Probe (Chrono Boost)  
  21  1:58  Probe (Chrono Boost)  
  21  2:00  Cybernetics Core  
  22  2:04  Pylon  
  22  2:09  Probe (Chrono Boost)  
  22  2:14  Zealot  
  22  2:15  Probe (Chrono Boost)  
  26  2:19  Probe (Chrono Boost)  
  27  2:25  Probe (Chrono Boost)  
  28  2:30  Probe (Chrono Boost)  
  28  2:37  Mothership Core (Chrono Boost)  
  31  2:41  Probe (Chrono Boost), Adept  
  31  2:43  Warp Gate  
  35  2:51  Probe (Chrono Boost)  
  35  2:52  Pylon  
  35  2:55  Probe (Chrono Boost)  
  36  3:02  Probe (Chrono Boost)  
  37  3:07  Probe (Chrono Boost)  
  37  3:11  Robotics Facility  
  38  3:14  Probe (Chrono Boost)  
  38  3:16  Probe (Chrono Boost)  
  40  3:20  Adept (Chrono Boost)  
  40  3:24  Probe  
  40  3:26  Probe  
  44  3:36  Probe x2  
  44  3:37  Pylon  
  46  3:47  Probe  
  46  3:48  Probe, Adept (Chrono Boost)  
  49  3:57  Probe  
  49  4:00  Probe  
  51  4:03  Robotics Bay  
  51  4:07  Assimilator  
  51  4:08  Probe (Chrono Boost)  
  51  4:09  Pylon  
  52  4:12  Probe (Chrono Boost), Assimilator  
  53  4:20  Probe (Chrono Boost), Warp Prism (Chrono Boost)  
  57  4:24  Probe (Chrono Boost)  
  57  4:30  Forge  
  57  4:34  Gateway  
  57  4:37  Gateway, Probe (Chrono Boost)  
  57  4:39  Probe  
  57  4:45  Twilight Council  
  59  4:49  Probe, Disruptor (Chrono Boost)  
  59  4:51  Probe  
  61  4:54  Gravitic Drive (Chrono Boost)  
  64  5:03  Protoss Ground Weapons Level 1 (Chrono Boost)  
  64  5:04  Probe x2  
  66  5:07  Blink  
  66  5:14  Pylon  
  66  5:19  Nexus  
  65  5:29  Disruptor  
  65  5:30  Pylon  
  68  5:38  Probe x2  
  68  5:40  Pylon  
  70  5:52  Adept x2  
  70  5:56  Probe x2  
  76  5:58  Nexus  
  75  6:08  Probe  
  75  6:13  Nexus  
  75  6:14  Adept x3, Pylon  
  79  6:19  Probe  
  81  6:25  Pylon  
  81  6:32  Pylon  
  80  6:34  Gateway  
  80  6:36  Gateway  
  80  6:38  Gateway x2  
  80  6:49  Stalker x2  
  80  6:50  Gateway  
  80  6:51  Photon Cannon  
  84  6:59  Stalker  
  86  7:03  Gateway  
  86  7:13  Stalker x2  
  90  7:23  Pylon  
  90  7:28  Pylon  
  88  7:38  Stalker x3  
  88  7:39  Stalker  
  88  7:48  Stalker x2  
  92  7:53  Stalker  
  94  8:09  Stalker x5  
  104  8:14  Stalker x2  
  104  8:16  Pylon  
  104  8:34  Stalker x4  
  104  8:35  Stalker  
  102  8:44  Stalker x3  
  108  8:55  Pylon  
  108  8:59  Stalker x5  
  118  9:10  Stalker x3  
  118  9:16  Pylon  
  124  9:28  Stalker  
  124  9:29  Stalker  
  124  9:30  Stalker x2  
  132  9:35  Stalker x3  
  128  9:53  Stalker x5  
  138  10:02  Pylon  
  116  10:23  Stalker x4  
  116  10:28  Stalker x2  
  116  10:29  Stalker  
  120  10:46  Stalker x4  
  120  10:47  Stalker  
Show
View Real Time Build Order
Export as new Build Order

Guru Zerg 

Build Orders: Hatch First 

Get SALT Encoding   

  12  0:01  Drone  
  13  0:13  Overlord  
  13  0:19  Drone  
  14  0:31  Drone x2  
  14  0:35  Drone  
  17  0:54  Hatchery  
  17  0:56  Drone  
  17  1:09  Spawning Pool  
  16  1:11  Extractor  
  16  1:14  Drone  
  17  1:18  Drone  
  17  1:22  Drone  
  18  1:29  Drone  
  19  1:39  Overlord  
  19  1:56  Queen  
  19  1:57  Zergling x2  
  22  2:02  Drone  
  22  2:05  Queen  
  22  2:07  Drone  
  26  2:11  Metabolic Boost  
  26  2:14  Drone  
  27  2:17  Drone  
  28  2:34  Hatchery  
  28  2:36  Drone  
  28  2:38  Drone  
  28  2:42  Evolution Chamber  
  28  2:44  Zergling x2  
  28  2:47  Zergling x2  
  28  2:50  Zergling x2  
  31  2:54  Overlord  
  30  3:00  Zergling x4  
  32  3:08  Drone x3  
  35  3:15  Drone x2  
  35  3:16  Drone  
  38  3:21  Overlord  
  38  3:24  Drone  
  40  3:27  Drone  
  40  3:35  Overlord, Drone  
  40  3:37  Drone x2  
  40  3:39  Overlord  
  43  3:43  Drone  
  43  3:46  Drone  
  44  3:50  Drone  
  44  3:52  Queen  
  47  3:58  Drone  
  47  3:59  Drone x2  
  49  4:04  Zerg Melee Weapons Level 1  
  49  4:07  Drone x2  
  49  4:09  Drone  
  52  4:10  Zergling x2  
  52  4:14  Zergling x4  
  54  4:24  Zergling x4  
  54  4:25  Drone x3, Zergling x2  
  54  4:26  Drone  
  54  4:28  Queen  
  54  4:29  Drone  
  54  4:30  Drone  
  65  4:40  Hatchery, Zergling x2  
  65  4:41  Zergling x2  
  65  4:44  Zergling x4  
  68  4:49  Roach Warren  
  68  4:50  Overlord  
  68  4:51  Zergling x2  
  67  4:55  Overlord  
  67  4:59  Lair  
  66  5:00  Drone  
  66  5:01  Drone  
  66  5:02  Drone  
  66  5:05  Extractor  
  66  5:06  Drone x2, Extractor  
  69  5:08  Drone x2  
  69  5:09  Drone  
  69  5:13  Overlord  
  72  5:14  Drone x2  
  72  5:19  Overlord  
  72  5:20  Drone  
  72  5:21  Drone  
  76  5:26  Overlord  
  78  5:28  Roach  
  78  5:29  Roach  
  78  5:30  Overlord  
  78  5:33  Roach  
  82  5:36  Roach x3  
  82  5:37  Roach, Zergling x2  
  82  5:39  Zergling x4  
  82  5:40  Zergling x2  
  93  5:45  Zergling x2  
  93  5:46  Zergling x2  
  95  5:53  Roach x2, Zergling x4  
  95  5:54  Zergling x2  
  102  5:57  Overlord  
  102  6:02  Drone  
  97  6:05  Zergling x4  
  97  6:07  Drone  
  97  6:11  Glial Reconstitution  
  97  6:12  Drone  
  97  6:15  Drone x3, Queen  
  97  6:16  Spore Crawler  
  100  6:20  Drone x3  
  100  6:21  Drone x2  
  104  6:26  Drone x3  
  104  6:27  Drone  
  104  6:31  Drone x2  
  110  6:32  Zerg Missile Weapons Level 1  
  110  6:38  Drone  
  111  6:40  Drone x3  
  111  6:41  Hatchery  
  111  6:42  Overlord  
  111  6:45  Drone x2  
  111  6:46  Drone  
  113  6:47  Drone x2  
  114  6:56  Spire  
  114  6:57  Spore Crawler, Extractor  
  114  6:58  Drone x3  
  114  6:59  Zergling x6  
  114  7:00  Zergling x2  
  118  7:02  Zergling x2  
  118  7:03  Zergling x2  
  118  7:07  Roach  
  122  7:11  Roach x2  
  122  7:13  Overlord  
  122  7:14  Drone x3  
  126  7:20  Roach x2  
  130  7:24  Roach  
  130  7:25  Roach  
  130  7:27  Zergling x4  
  130  7:28  Roach  
  137  7:30  Zergling x4  
  127  7:39  Roach  
  127  7:40  Roach x2, Zergling x2  
  127  7:41  Zergling x4  
  127  7:42  Roach  
  130  7:45  Zergling x4  
  130  7:46  Zergling x2  
  130  7:47  Zergling x4  
  135  7:53  Overlord  
  135  7:56  Zergling x8  
  135  7:57  Ravager x4  
  143  7:59  Zergling x6  
  145  8:08  Zergling x8  
  145  8:10  Overlord  
  145  8:13  Extractor x2  
  145  8:15  Zergling x4  
  145  8:16  Zergling x6  
  145  8:17  Overlord  
  145  8:18  Overlord  
  148  8:20  Overlord  
  148  8:22  Overlord x2  
  148  8:23  Overlord  
  148  8:25  Overlord  
  148  8:32  Overlord x2  
  143  8:35  Overlord x4  
  143  8:36  Overlord x3  
  143  8:37  Overlord x2  
  143  8:39  Hatchery  
  143  8:40  Overlord  
  140  8:44  Overlord, Extractor  
  140  8:45  Mutalisk  
  140  8:46  Mutalisk  
  140  8:48  Zerg Flyer Weapons Level 1  
  143  8:52  Mutalisk x2  
  143  8:54  Mutalisk  
  129  9:01  Drone  
  129  9:02  Drone  
  131  9:04  Zergling x2  
  131  9:05  Zergling x14  
  139  9:10  Hydralisk Den  
  139  9:14  Drone x3  
  139  9:15  Drone x2  
  139  9:16  Drone  
  144  9:18  Drone x2  
  144  9:20  Zergling x4  
  144  9:29  Zergling x16  
  144  9:30  Zergling x2  
  149  9:33  Mutalisk  
  150  9:44  Zergling x2  
  150  9:45  Zergling x20  
  153  9:50  Mutalisk x2  
  153  9:52  Zergling x6  
  141  9:54  Mutalisk  
  141  9:57  Zergling x4  
  142  10:01  Mutalisk  
  142  10:05  Zergling x6  
  145  10:07  Zergling x2  
  132  10:20  Zergling x2  
  132  10:21  Zergling x16  
  117  10:25  Zergling x6  
  117  10:28  Zergling x4  
  96  10:30  Zergling x2  
  96  10:32  Mutalisk  
  96  10:34  Zergling x2  
  80  10:45  Overlord, Zergling x8  
  80  10:47  Zergling x2  
Tags
 
Add a new tag
Caveats
  • Supply blocks, unpowered buildings, or Contaminate may cause inaccurate times.
  • Supply counts are checked every 10 seconds.